 Dungeon Crawl Stone Soup version 0.20.0-10-g0535bb4 (webtiles) character file.

196 Ekaitz the Conjurer (level 5, -3/41 HPs)
             Began as a Demigod Conjurer on June 6, 2017.
             Slain by a worker ant (6 damage)
             ... on level 4 of the Dungeon.
             The game lasted 00:11:00 (2753 turns).

Ekaitz the Conjurer (Demigod Conjurer)              Turns: 2753, Time: 00:11:01

Health: -3/41      AC:  2    Str: 13    XL:     5   Next: 21%
Magic:  1/11       EV: 13    Int: 19    God:
Gold:   225        SH:  0    Dex: 16    Spells: 3/9 levels left

rFire    x . .     SeeInvis .   (no weapon)
rCold    + . .     Gourm    .   (no shield)
rNeg     . . .     Faith    .   a - +0 robe
rPois    .         Spirit   .   (no helmet)
rElec    .         Reflect  .   (no cloak)
rCorr    .         Harm     +   (no gloves)
MR       .....                  (no boots)
Stlth    ++........             z - amulet of harm
Regen    0.2/turn               A - ring of ice
MPRegen  0.2/turn               (no ring)

@: lethally poisoned (-3 -> -4)
A: high mp 1
a: no special abilities


You were on level 4 of the Dungeon.
You were not hungry.

You visited 2 branches of the dungeon, and saw 5 of its levels.

You collected 225 gold pieces.

Inventory:

Hand Weapons
 x - a +0 hand axe of freezing
Missiles
 w - 6 poisoned needles
Armour
 a - a +0 robe (worn)
Jewellery
 z - an amulet of harm (around neck)
 A - a ring of ice (left hand)
Wands
 B - a wand of iceblast (15/15)
Scrolls
 f - 2 scrolls of immolation {unknown}
 g - 4 scrolls of identify
 h - 2 scrolls of recharging
 i - 2 scrolls of noise {unknown}
 k - 2 scrolls of teleportation {unknown}
 l - a scroll of blinking {unknown}
 p - 2 scrolls of remove curse
 y - 2 scrolls of enchant weapon {unknown}
Potions
 e - a potion of mutation
 j - 2 potions of heal wounds
 m - 2 potions of invisibility {unknown}
 n - 5 potions of curing {unknown}
 q - a potion of berserk rage {unknown}
 r - a potion of resistance {unknown}
 s - a potion of brilliance {unknown}
 u - a potion of might {unknown}
 v - a potion of ambrosia {unknown}
Books
 b - a book of Conjurations

   Spells                             Type                      Level
   a - Magic Dart                     Conjuration                  1
   b - Searing Ray                    Conjuration                  2
   c - Dazzling Spray                 Conjuration/Hexes            3
   d - Fulminant Prism                Conjuration/Hexes            4
   e - Force Lance                    Conjuration/Translocation    4
   f - Iskenderun's Mystic Blast      Conjuration                  4
Comestibles
 c - 4 bread rations
 d - 3 royal jellies
 o - 2 meat rations
 t - 2 chunks of flesh


   Skills:
 * Level 1.7 Fighting
 + Level 2.0 Dodging
 + Level 2.5 Stealth
 + Level 2.6 Spellcasting
 + Level 4.9 Conjurations


You had 3 spell levels left.
You knew the following spells:

 Your Spells              Type           Power        Failure   Level  Hunger
a - Magic Dart            Conj           ###.         1%          1    None
b - Searing Ray           Conj           ###...       3%          2    ##.....
c - Dazzling Spray        Conj/Hex       ##....       17%         3    ###....


Dungeon Overview and Level Annotations

Branches:
Dungeon (4/15)             Temple (1/1) D:4


Innate Abilities, Weirdness & Mutations

You have an increased reservoir of magic. (+10% MP)


Message History

The worker ant closely misses you.
You feel sick.
You feel sick. The worker ant completely misses you.
Casting: Searing Ray
Confirm with . or Enter, or press ? or * to list all spells.
Aiming: Searing Ray
Press: ? - help, Shift-Dir - straight line, f/p - worker ant
Aim: a worker ant (lightly wounded)
The searing ray hits the worker ant.
The worker ant is moderately wounded. (Press . to maintain the ray.)
The worker ant barely misses you.
The searing ray hits the worker ant.
The worker ant is moderately wounded.
You feel sick. The worker ant bites you!
* * * LOW HITPOINT WARNING * * *
The searing ray hits the worker ant.
The worker ant is severely wounded.
The worker ant barely misses you. The worker ant bites you.
You die...

# #....##..#(..........# #
#....##..#...........# #
#....#...............####
#....#.#.#.###..........#
#.####+#+#+###..........#
#.###..........[........#
#...#...................#
#...+.......a...........#
####...#.....>.@...........#
#....###.......(..##########
#.##.# ..........# #.<#.#
..........# #..#.#
########### #..#.# #..#.#
#..#.# ####.#


You could see a worker ant.

Vanquished Creatures
  A crimson imp (D:3)
  A bullfrog skeleton (D:4)
  6 adders
  2 oozes (D:2)
  2 worms
  3 dart slugs
  4 leopard geckos
  An orc (D:4)
  4 giant cockroaches
  6 goblins
  9 hobgoblins
  2 jackals (D:2)
  2 quokkas (D:4)
  4 bats
  5 frilled lizards
  2 kobolds (D:3)
  A leopard gecko skeleton (D:4)
  8 rats
63 creatures vanquished.

Notes
Turn   | Place    | Note
-------+----------+-------------------------------------------
     0 | D:1      | Ekaitz the Demigod Conjurer began the quest for the Orb.
     0 | D:1      | Reached XP level 1. HP: 14/14 MP: 5/5
   229 | D:1      | Reached skill level 4 in Conjurations
   229 | D:1      | Reached XP level 2. HP: 20/20 MP: 0/7
   233 | D:1      | Learned a level 2 spell: Searing Ray
   843 | D:2      | Reached XP level 3. HP: 27/27 MP: 2/8
   868 | D:2      | Learned a level 3 spell: Dazzling Spray
   938 | D:2      | Reached skill level 1 in Fighting
  1217 | D:2      | Found an opulent altar of Gozag.
  1239 | D:2      | Found an iron altar of Okawaru.
  1391 | D:2      | Reached XP level 4. HP: 35/35 MP: 0/10
  2457 | D:4      | Reached XP level 5. HP: 41/41 MP: 5/11
  2585 | D:4      | Found a staircase to the Ecumenical Temple.
  2591 | Temple   | Entered the Ecumenical Temple
  2752 | D:4      | HP: 2/41 [worker ant (8)]
  2753 | D:4      | Slain by a worker ant

Skill      XL: |  1  2  3  4 |
---------------+-------------+-----
Conjurations   | 4 |  4.9
Spellcasting   | 2 |  2.6
Fighting       | 1 |  1.7
Stealth        | 2 |  2.5
Dodging        | 2 |  2.0

Action                   |  1- 3 |  4- 6 || total
-------------------------+-------+-------++-------
 Cast: Magic Dart        |    56 |    19 ||    75
       Searing Ray       |    13 |    22 ||    35
  Use: Potion            |     1 |       ||     1
       Scroll            |       |     3 ||     3
  Eat: Chunk             |     3 |     5 ||     8
Armor: Robe              |     9 |     2 ||    11
Dodge: Dodged            |    32 |    17 ||    49
